Cogmind - Beta 13 @@@ ROGUE MODE // 2024.04.08 @ 20:42:51 Player: Eggywontgrow Result: Self-destructed Performance ------------- Evolutions (1) 500 Regions Visited (3) 600 Robots Destroyed (26) 130 Value Destroyed (649) 649 Prototype IDs (0) 0 Alien Tech Used (0) 0 Bonus (11) 11 TOTAL SCORE: 1890 Bonus ------- High Alert Combat Kills 11 Cogmind --------- Core Integrity 118/400 Matter 280/300 Energy 12/100 System Corruption 1% Temperature Cool (3) Movement Rolling (80) Location -9/Materials Parts ------- > --- POWER (1) -------- (None) > --- PROPULSION (3) --- Wheel > --- UTILITY (3) ------ Small Storage Unit Advanced Weight Redist. System Improved Signal Interpreter > --- WEAPON (2) ------- (None) > --- INVENTORY (8) ---- Improved Ion Engine Compact Wheel Heat Sink Advanced Weight Redist. System Advanced Weight Redist. System Advanced Weight Redist. System Beam Cannon Peak State ------------ > --- POWER ------------ Light Ion Engine > --- PROPULSION ------- Aluminum Leg Aluminum Leg Aluminum Leg > --- UTILITY ---------- Heat Sink Small Storage Unit Improved Signal Interpreter > --- WEAPON ----------- Shock Rifle Shock Rifle > --- INVENTORY -------- Light Ion Engine Aluminum Leg Medium Laser Beam Cannon Light Assault Rifle Light Assault Rifle Grenade Launcher [Rating: 15] Favorites ----------- Power Light Ion Engine Engine Light Ion Engine Propulsion Aluminum Leg Leg Aluminum Leg Wheel Wheel Flight Unit Flight Unit Utility Small Storage Unit Device Advanced Weight Redist. System Storage Small Storage Unit Processor Improved Signal Interpreter Weapon Light Assault Rifle Energy Gun Medium Laser Energy Cannon Beam Cannon Ballistic Gun Light Assault Rifle Launcher Grenade Launcher Special Weapon Mining Laser Build | -11 -10 -10 -9 ------- Run | Yrd Mat Min Mat Slots Evolved 2 | . . . 2 Power . | . . . . Propulsion 1 | . . . 1 Utility 1 | . . . 1 Weapon . | . . . . Parts Attached 51 | 6 9 3 33 Power 5 | . 1 1 3 Engine 5 | . 1 1 3 Core . | . . . . Reactor . | . . . . Propulsion 11 | 2 1 . 8 Treads . | . . . . Leg 6 | 2 1 . 3 Wheel 1 | . . . 1 Hover . | . . . . Flight 4 | . . . 4 Utility 9 | 2 . . 7 Device 4 | . . . 4 Storage 2 | 2 . . . Processor 3 | . . . 3 Hackware . | . . . . Protection . | . . . . Artifact . | . . . . Weapon 26 | 2 7 2 15 Energy Gun 7 | 1 . . 6 Energy Cannon 3 | . . . 3 Ballistic Gun 8 | 1 3 1 3 Ballistic Cannon . | . . . . Launcher 5 | . 1 1 3 Special Weapon 3 | . 3 . . Impact Weapon . | . . . . Slashing Weapon . | . . . . Piercing Weapon . | . . . . Special Melee Weapon . | . . . . Unidentified Prototypes . | . . . . Corrupted Parts 1 | . . . 1 System Corruption 1 | . . . 1 Parts Lost 11 | . . . 11 Power 2 | . . . 2 Propulsion 3 | . . . 3 Utility . | . . . . Weapon 6 | . . . 6 Highest Loss Streak 8 | . . . 8 To Critical Strikes . | . . . . Average Slot Usage (%) 90 | . 95 85 88 Engine 11 | . 14 14 9 Leg 22 | . 28 28 19 Flight 4 | . . . 7 Device 5 | . . . 9 Storage 15 | . 24 14 11 Processor 6 | . . . 11 Energy Gun 4 | . 5 . 5 Energy Cannon 1 | . . . 2 Ballistic Gun 16 | . 20 28 11 Naked Turns . | . . . . Heaviest Build 16 | 13 16 10 15 Greatest Support 39 | 20 20 20 39 Greatest Overweight (x) 3 | . . . 3 Average Overweight (x) . | . . . . Largest Inventory Capacity 8 | 8 8 8 8 Average Capacity 7 | 7 8 8 8 Most Carried 8 | 4 8 8 8 Average Carried 6 | 2 6 7 7 Final Capacity 8 | 8 8 8 8 Final Carried 8 | 3 8 8 7 Class Distribution -------------------- 79% | Mutant 20% | Scavenger-Mutant Dominant Class ---------------- Mutant | -10/Materials Mutant | -10/Mines Mutant | -9/Materials Resources | -11 -10 -10 -9 ----------- Run | Yrd Mat Min Mat Matter Collected 755 | 254 87 86 328 Remotely . | . . . . Salvage Created 714 | 62 122 18 512 Parts 48 | 1 11 5 31 Haulers Intercepted . | . . . . Recyclers Shooed 2 | . 1 . 1 Parts Field Recycled . | . . . . Retrieved Matter . | . . . . Parts Self-Destructed . | . . . . Prevented . | . . . . Kills | -11 -10 -10 -9 ------- Run | Yrd Mat Min Mat Combat Hostiles Destroyed 22 | . 5 3 14 Guns 7 | . 4 1 2 Cannons 2 | . . . 2 AOE 13 | . 1 2 10 Classes Destroyed 6 | 1 2 . 3 Builder 1 | . . . 1 Recycler 3 | 1 . . 2 Swarmer 9 | . 3 3 3 Grunt 10 | . 2 . 8 Duelist 1 | . . . 1 Sentry 2 | . . . 2 Best Kill Streak 7 | 1 2 3 7 Combat Bots Only 6 | . 2 3 6 Max Kills in Single Turn 3 | 1 1 2 3 Gunslinging . | . . . . Exploded 3 | . 1 2 3 Melee . | . . . . Uniques/NPCs Destroyed . | . . . . Combat | -11 -10 -10 -9 -------- Run | Yrd Mat Min Mat Hostile Shots Fired 150 | . 18 8 124 Missed 56 | . 4 1 51 Damage Taken 1258 | . 132 78 1048 Core 318 | . 16 20 282 Absorbed by Shields . | . . . . Core Remaining (%) 92 | 100 . 85 . Volleys Fired 47 | 4 12 4 27 Largest 2 | 2 2 2 2 Hottest 110 | 70 70 50 110 Shots Fired 85 | 8 24 7 46 Gun 70 | 8 23 6 33 Cannon 7 | . . . 7 Launcher 8 | . 1 1 6 Special . | . . . . Kinetic 40 | 4 18 6 12 Thermal 20 | 4 5 . 11 Explosive 8 | . 1 1 6 Electromagnetic 17 | . . . 17 Robot Hit Streak 17 | 2 10 4 17 Robot Miss Streak 2 | 2 2 1 2 Penetration Max . | . . . . Secondary Targets . | . . . . Shots Hit Robots 56 | 4 16 5 31 Core Hits 45 | 2 10 3 30 Critical Kills . | . . . . Critical Parts Destroyed . | . . . . Critical Strikes . | . . . . Melee Attacks . | . . . . Impact . | . . . . Slashing . | . . . . Piercing . | . . . . Sneak Attacks . | . . . . Combat Hostiles . | . . . . Follow-up Attacks . | . . . . Damage Inflicted 1683 | 47 172 183 1281 Guns 536 | 47 131 32 326 Cannons 88 | . . . 88 Explosions 1055 | . 37 151 867 Melee . | . . . . Ramming 4 | . 4 . . Kinetic 236 | 9 118 32 77 Thermal 297 | 38 13 . 246 Explosive 947 | . 37 151 759 Electromagnetic 199 | . . . 199 Impact . | . . . . Slashing . | . . . . Piercing . | . . . . Highest Corruption 1 | . 1 1 1 Average Corruption 1 | . 1 1 1 Corruption Purged . | . . . . Corruption Blocked . | . . . . Effects 2 | . . 1 1 Heat Flow Errors 1 | . . . 1 Misfires 1 | . . 1 . Overload Shots . | . . . . Overflow Damage 103 | . . 26 77 Projectiles . | . . . . Explosions 103 | . . 26 77 Melee . | . . . . Knockbacks . | . . . . Impact . | . . . . Kinetic . | . . . . Secondary . | . . . . Self-Inflicted Damage 193 | . 4 17 172 Shots 6 | . . 1 5 Rammed . | . . . . Targets Rammed . | . . . . Kicked . | . . . . Crushed . | . . . . Highest Temperature 270 | 40 90 10 270 Average Temperature 45 | 19 32 5 56 Received Heat Transfer 354 | . 27 . 327 Siege Activations . | . . . . Robots Corrupted . | . . . . Combat Hostiles . | . . . . Parts Fried . | . . . . Impact Corruptions . | . . . . Robots Melted . | . . . . Combat Hostiles . | . . . . Parts Melted 1 | . . . 1 Heat Transferred 631 | 111 37 . 483 Parts Sabotaged . | . . . . Parts Stolen . | . . . . Parts Stripped . | . . . . Power Chain Reactions 2 | . . . 2 Alert | -11 -10 -10 -9 ------- Run | Yrd Mat Min Mat Peak Influence 439 | 5 164 155 439 Initial 63 | . 3 63 60 Average 162 | 2 77 151 240 Maximum Alert Level 2 | . . . 2 Low Security (%) 70 | 100 100 100 42 Level 1 25 | . . . 49 Level 2 4 | . . . 8 Level 3 . | . . . . Level 4 . | . . . . Level 5 . | . . . . High Security . | . . . . Max Security . | . . . . Squads Dispatched 2 | . . . 2 Investigation . | . . . . Extermination . | . . . . Reinforcement 2 | . . . 2 Assault . | . . . . Garrison . | . . . . Intercept . | . . . . Searches Triggered . | . . . . Construction Impeded . | . . . . Haulers Reinforced . | . . . . Active Scanning Responses . | . . . . Cargo Convoy Interrupts . | . . . . Stealth | -11 -10 -10 -9 --------- Run | Yrd Mat Min Mat Distress Signals 1 | . . . 1 Communications Jammed . | . . . . Distress Signals . | . . . . Times Spotted 41 | . 6 3 32 Peak Tracking Total 12 | . 3 3 12 Tactical Retreats 5 | . 1 . 4 Traps | -11 -10 -10 -9 ------- Run | Yrd Mat Min Mat Traps Triggered . | . . . . Indirectly . | . . . . Trap Hack Attempts . | . . . . Triggered . | . . . . Disarmed . | . . . . Reprogrammed . | . . . . Reused . | . . . . Traps Extracted . | . . . . Installed . | . . . . Triggered . | . . . . Machines | -11 -10 -10 -9 ---------- Run | Yrd Mat Min Mat Machines Disabled 3 | . . . 3 Max in Single Turn 2 | . . . 2 Machines Repaired . | . . . . Machines Dismantled . | . . . . Machines Sabotaged . | . . . . Overloaded Fab Kills . | . . . . Hacking | -11 -10 -10 -9 --------- Run | Yrd Mat Min Mat Machines Accessed 2 | . 2 . . Terminals 1 | . 1 . . Fabricators . | . . . . Repair Stations . | . . . . Recycling Units 1 | . 1 . . Scanalyzers . | . . . . Garrison Access . | . . . . Total Hacks 5 | . 5 . . Successful 3 | . 3 . . Failed 2 | . 2 . . Catastrophic . | . . . . Database Lockouts . | . . . . Manual . | . . . . Terminals 1 | . 1 . . Fabricators . | . . . . Repair Stations . | . . . . Recycling Units 4 | . 4 . . Scanalyzers . | . . . . Garrison Access . | . . . . Terminal Hacks 1 | . 1 . . Locate Traps 1 | . 1 . . Fabricator Hacks . | . . . . Repair Station Hacks . | . . . . Recycling Unit Hacks 2 | . 2 . . Process 2 | . 2 . . Scanalyzer . | . . . . Garrison Access Hacks . | . . . . Unauthorized Hacks . | . . . . Terminals . | . . . . Fabricators . | . . . . Repair Stations . | . . . . Recycling Units . | . . . . Scanalyzers . | . . . . Garrison Access . | . . . . Data Cores Recovered . | . . . . Used . | . . . . Hacking Detections 1 | . 1 . . Full Trace Events 1 | . 1 . . Feedback Events . | . . . . Feedback Blocked . | . . . . Robot Schematics Acquired . | . . . . Robots Built . | . . . . Authchips . | . . . . Time . | . . . . Total Robot Build Rating . | . . . . Part Schematics Acquired . | . . . . Parts Built . | . . . . Authchips . | . . . . Time . | . . . . Total Part Build Rating . | . . . . Parts Repaired . | . . . . Time . | . . . . Parts Recycled . | . . . . Recycled Matter 60 | . 60 . . Retrieved Matter . | . . . . Retrieved Components . | . . . . Parts Scanalyzed . | . . . . Part Schematics Acquired . | . . . . Parts Damaged . | . . . . Bothacking | -11 -10 -10 -9 ------------ Run | Yrd Mat Min Mat Used RIF Installer . | . . . . Robots Hacked . | . . . . Non-combat . | . . . . Combat . | . . . . Robot Hacks Applied . | . . . . Relay Couplers Released . | . . . . Fabnet Peak Effective % . | . . . . Robots Rewired . | . . . . Allies Hacked . | . . . . Hacks Repelled . | . . . . Allies | -11 -10 -10 -9 -------- Run | Yrd Mat Min Mat Total Allies . | . . . . Largest Group . | . . . . Highest-Rated Group . | . . . . Highest-Rated Ally . | . . . . Total Orders . | . . . . Ally Attacks . | . . . . Total Damage . | . . . . Kills . | . . . . Allies Corrupted . | . . . . Allies Melted . | . . . . Intel | -11 -10 -10 -9 ------- Run | Yrd Mat Min Mat Robot Analysis Total . | . . . . Derelict Logs Recovered . | . . . . Drone Launches . | . . . . Drone Recoveries . | . . . . Exploration | -11 -10 -10 -9 ------------- Run | Yrd Mat Min Mat Turns Passed 965 | 111 228 127 499 Spaces Moved 708 | 70 129 92 417 Core 23 | 8 . . 15 Treads . | . . . . Legs 382 | 62 129 92 99 Wheels 1 | . . . 1 Hover . | . . . . Flight 302 | . . . 302 Fastest Speed 32 | 50 120 120 32 Average Speed 89 | 112 120 120 69 Slowest Speed 200 | 120 120 120 200 Overloaded Moves . | . . . . Propulsion Burnouts . | . . . . Robots Hopped 2 | . . . 2 Cave-ins Triggered . | . . . . Exploration Rate (%) 18 | 4 17 14 39 Regions Visited 3 Branch Regions 1 Pre-discovered Areas . | . . . . Known Exits Taken . | . . . . Unknown Exits Taken 3 | 1 1 1 . Scrap Searched . | . . . . Spaces Dug 8 | . . . 8 Terrain Destroyed 67 | . 7 7 53 Melee . | . . . . Projectile . | . . . . AOE 67 | . 7 7 53 Terrain Rammed 1 | . 1 . . Walls Destroyed . | . . . . Machines Disabled . | . . . . Actions | -11 -10 -10 -9 --------- Run | Yrd Mat Min Mat Total 961 | 95 181 102 583 Wait 84 | 7 16 2 59 Move 701 | 69 128 91 413 Hop 2 | . . . 2 Pick Up 44 | 9 9 1 25 Fast Attach 5 | . 1 . 4 Attach 21 | 6 2 . 13 Detach 3 | . . . 3 Swap 25 | . 6 3 16 Drop 28 | . 6 1 21 Fire 47 | 4 12 4 27 Melee . | . . . . Ram 1 | . 1 . . Kick . | . . . . Crush . | . . . . Escape Stasis . | . . . . Rewire . | . . . . Trap . | . . . . Miscellaneous . | . . . . Route ------- -11/Scrapyard -10/Materials -10/Mines -9/Materials (discovered 2 exits: *Min x2) History --------- Turn | Location | Event 10 | -11/Scrapyard | Discovered new exit (range 15) 112 | -11/Scrapyard | Entered Materials 133 | -10/Materials | Discovered new exit (range 12) 333 | -10/Materials | Build established: Mutant 340 | -10/Materials | Entered Mines 374 | -10/Mines | Discovered new exit (range 7) 467 | -10/Mines | Entered Materials 467 | -9/Materials | Evolved 2 slots: Propulsion x1, Utility x1 632 | -9/Materials | Discovered new exit (range 16) 778 | -9/Materials | Identified exit to Mines 846 | -9/Materials | Discovered exit to Mines (range 10) 906 | -9/Materials | Core integrity fell below 50% 944 | -9/Materials | Lost 8 parts (2p3n3w) 966 | -9/Materials | Self-destructed Last Messages --------------- 00928_ R-06 Scavenger collects Wheel. 00931_ Heat Sink melted. 00931_ Y-45 Defender destroyed. 00937_ R-06 Scavenger collects Imp. Ion Engine. 00938_ R-06 Scavenger destroyed. 00941_ Acquired 70 matter. 00945_ Acquired Imp. Ion Engine. 00952_ R-06 Scavenger collects Lgt. Ion Engine. 00954_ EM Shotgun destroyed. 00955_ Acquired Wheel. 00957_ R-06 Scavenger inserts Ion Engine into recycling unit. 00957_ R-06 Scavenger inserts Signal Interpreter into recycling unit. 00958_ Recycling unit begins recycling process. 00959_ Acquired Com. Wheel. 00960_ R-06 Scavenger inserts Ion Engine into recycling unit. 00962_ R-06 Scavenger destroyed. 00963_ R-06 Scavenger collects Lgt. Ion Engine. 00965_ G-34 Mercenary IFF system glitched. 00965_ EM Shotgun destroyed. 00966_ R-06 Scavenger collects Corrupted Sml. Storage Unit. Map ----- +----------------------------------------------------+ | """" # ?????????????????????????????? | | """" #?# ????????????????????????????????? | | #???????????????????????????????????????? | | ######???????????????????????????????????????? | | ?????????????????????????????????????????????? | | ?????????????????????????????????????????????? | | ? T ?????????????????????????????????????????? | | ? ????????????????????????????????????????? | | ? ????????????????????????????????????????? | | ? #????????????????????????????????????????? | | ? #????????????????????????????????????????? | | ? #????????????????????????????????????????? | | ? #????????????????????????????????????????? | | # ##### ????######?????????????????????????? | | # ?????? #?????????????????????????? | | # ??????? #?????????????????????????? | | # ????????? #?????????????????????????? | | # #??????????# #?????????????????????????? | | #????####### #?????????????????????????? | | ###??# ! # +?????????????????????????? | | #### # ###########???????????????? | | * ## """ # # #???????????????? | | * # """ # # !![ ##??????????????? | | =%* # """ # # Y !! % #??????????????? | | /![% # /a #wYY r ##??????????????? | | """ # /rgg% @ #???????????????? | | # """ # # "Y"= #???????????????? | | " # """ ## ## """ #???????????????? | | [% " # ## ## #???????????????? | | " # ## ############???????????????? | | # ## #??????????????????????????? | | ################# #??????????????????????????? | | ????????????????# #??????????????????????????? | | ????????????????#+#??????????????????????????? | | ?????????????????????????????????????????????? | | ?????????????????????????????????????????????? | | ?????????????????????????????????????????????? | | ?????????????????????????????????????????????? | | ?????????????????????????????????????????????? | | ?????????????????????????????????????????????? | | ?????????????????????????????????????????????? | | ?????????????????????????????????????????????? | | ?????????????????????????????????????????????? | | ?????????????????????????????????????????????? | | ?????????????????????????????????????????????? | | ?????????????????????????????????????????????? | | ?????????????????????????????????????????????? | | ?????????????????????????????????????????????? | | ?????????????????????????????????????????????? | | ?????????????????????????????????????????????? | +----------------------------------------------------+ Best States ------------- Heat Dissipation 38 Energy Generation 10 Energy Capacity 125 Matter Stores 300 Matter Capacity 300 Sight Range 16 Terrain Scan Density 10 Additional Mass Support 9 Evasion (%) 63 Item Schematics ----------------- None Robot Schematics ------------------ None Fabricated ------------ Nothing Alien Tech Used ----------------- None Achievements -------------- None Challenges ------------ None Game ------ Seed SurgeAerolevBrace Manual? 0 Play Time 00:43:07 Cumulative 4.0 hours Start 2024.04.08 @ 19:54:48 End 2024.04.08 @ 20:42:51 Sessions 1 Manual Loads 0 Difficulty Rogue Special Mode None Game No. 4 Rogue 4 Adventurer 0 Explorer 0 Win Type - Total 0 Types 0/0/0/0/0/0/0/0/0 Lore% 0 Gallery% 6 Achievement% 6 Wizard Run 0 Options --------- Layout 0 ASCII 0 Keyboard 0 Movement Mouse Keybinds 0 Fullscreen 2 Font 24/Smallcaps Map View 76x50 Zoom Use 14% Tactical HUD 1 Map Filters NONE Filters NONE Steam 1 RUN: 3cbcc6ef-9a5f-4105-b2f1-429b67d9ecf6